 Dungeon Crawl Stone Soup version 0.30-a0-374-g95c0257040 (webtiles) character file.

Game seed: 18201718145744127581

268 qeuew the Shield-Bearer (level 6, 0/49 (50) HPs)
             Began as a Formicid Fighter on Nov 26, 2022.
             Succumbed to Crazy Yiuf's poison
             ... on level 3 of the Dungeon.
             The game lasted 00:02:06 (2361 turns).

qeuew the Shield-Bearer (Formicid Fighter)          Turns: 2361, Time: 00:02:07

HP:   0/49 (50)     AC: 10    Str: 17 (20) XL:     6   Next: 45%
MP:   4/6           EV:  9    Int:  6 (8)  God:
Gold: 268           SH:  5    Dex: 12 (15) Spells: 5/5 levels left

rFire   . . .      SeeInvis +    a - +0 war axe
rCold   . . .      Faith    .    c - +0 buckler
rNeg    . . .      Spirit   .    b - +1 scale mail
rPois   .          Reflect  .    (helmet unavailable)
rElec   +          Harm     .    (no cloak)
rCorr   .          Rampage  .    g - +1 pair of gloves of the Equator {rElec}
Will    .....                    (no boots)
Stlth   ..........               (no amulet)
HPRegen 0.28/turn                (no ring)
MPRegen 0.10/turn                (no ring)

@: lethally poisoned (0 -> -3), lightly drained, invisible
A: permanent stasis, dig shafts and tunnels, antennae 3, four strong arms
a: Dig, Shaft Self


You were on level 3 of the Dungeon.
You visited 1 branch of the dungeon, and saw 3 of its levels.

You collected 268 gold pieces.

Inventory:

Hand Weapons
 a - a +0 war axe (weapon)
Missiles
 l - a throwing net
Armour
 b - a +1 scale mail (worn)
 c - a +0 buckler (worn)
 g - the +1 pair of gloves of the Equator (worn) {rElec}
   (You found it on level 3 of the Dungeon)

   rElec:     It insulates you from electricity.
Jewellery
 m - a +6 ring of strength
Scrolls
 h - 2 scrolls of teleportation {unknown}
 i - a scroll of torment {unknown}
 j - a scroll of identify
 n - a scroll of brand weapon {unknown}
Potions
 d - a potion of might
 e - a potion of curing
 f - a potion of brilliance {unknown}
 k - a potion of attraction {unknown}


   Skills:
 * Level 4.8 Fighting
 + Level 2.9 Axes
 * Level 4.9 Armour
 + Level 1.6 Dodging
 + Level 5.0 Shields


You had 5 spell levels left.
You didn't know any spells.
Your spell library was empty.

Dungeon Overview and Level Annotations

Branches:
Dungeon (3/15)

Altars:
Yredelemnul


Innate Abilities, Weirdness & Mutations

You cannot be hasted, slowed, berserked, paralysed or teleported.
You can dig through walls and to a lower floor.
You have a pair of large antennae on your head. (SInv)
Your four strong arms can wield two-handed weapons with a shield.


Message History

No reachable target in view!
You open the door.
Crazy Yiuf waves his quarterstaff at you.
You hit Crazy Yiuf but do no damage. You block Crazy Yiuf's attack.
Crazy Yiuf hits you with a +4 quarterstaff of chaos.
You are confused.
You barely miss Crazy Yiuf.
Crazy Yiuf hits you with a +4 quarterstaff of chaos!
You feel drained.
You closely miss Crazy Yiuf.
Crazy Yiuf hits you with a +4 quarterstaff of chaos!
You hit Crazy Yiuf but do no damage.
You feel less confused. Crazy Yiuf barely misses you.
You block Crazy Yiuf's attack.
You barely miss Crazy Yiuf. You block Crazy Yiuf's attack.
You hit Crazy Yiuf.
Crazy Yiuf is lightly wounded.
Crazy Yiuf barely misses you.
Crazy Yiuf hits you with a +4 quarterstaff of chaos.
You feel your power leaking away.
You slash Crazy Yiuf!
Crazy Yiuf is heavily wounded.
Crazy Yiuf hits you with a +4 quarterstaff of chaos.
You are poisoned.
You barely miss Crazy Yiuf.
Crazy Yiuf is heavily wounded.
You feel very sick. Crazy Yiuf hits you but does no damage.
You fade into invisibility!
You hit Crazy Yiuf.
Crazy Yiuf is severely wounded.
You feel sick. Crazy Yiuf misses you. Crazy Yiuf closely misses you.
You hit Crazy Yiuf but do no damage.
Crazy Yiuf is severely wounded.
You feel very sick.
Crazy Yiuf hits you with a +4 quarterstaff of chaos!
* * * LOW HITPOINT WARNING * * *
You slash Crazy Yiuf!
You kill Crazy Yiuf!
You die...

#....##........#
##....##...######
......##...#
.#...###...#
#####
.#.........#
#..)#
...........#
#...#
.####.....## ...
....#.....# #)#
..#.#.....## ♣♣@♣
###.#......# ♣.♣♣
....###+#..# ♣♣.♣
#######.#..# ♣.♣♣
...........#
♣♣.♣♣
#######.####
♣...♣♣ #.....#
♣....♣ #.#####
#....# #.....#
#....# ###


There were no monsters in sight!

Vanquished Creatures
  Sigmund (D:2)
  Crazy Yiuf (D:3)
  Terence (D:2)
  3 adders (D:2)
  A worm (D:2)
  2 dart slugs (D:1)
  4 endoplasms
  2 giant cockroaches
  5 goblins
  5 hobgoblins
  6 jackals
  2 kobolds
  A quokka (D:2)
  4 ball pythons
  4 bats
  2 frilled lizards (D:3)
  2 rats
46 creatures vanquished.

Vanquished Creatures (others)
  2 fungi (D:2)
  4 toadstools (D:2)
6 creatures vanquished.

Grand Total: 52 creatures vanquished

Notes
Turn   | Place    | Note
-------+----------+-------------------------------------------
     0 | D:1      | qeuew the Formicid Fighter began the quest for the Orb.
     0 | D:1      | Reached XP level 1. HP: 18/18 MP: 1/1
   188 | D:1      | Reached XP level 2. HP: 24/24 MP: 2/2
   960 | D:2      | Reached XP level 3. HP: 29/29 MP: 3/3
  1004 | D:2      | Noticed Terence
  1012 | D:2      | Killed Terence
  1013 | D:2      | Reached XP level 4. HP: 20/37 MP: 4/4
  1139 | D:2      | Found a faded altar of an unknown god.
  1207 | D:2      | Reached skill level 1 in Dodging
  1222 | D:2      | Noticed Sigmund
  1230 | D:2      | Killed Sigmund
  1231 | D:2      | Reached XP level 5. HP: 22/43 MP: 5/5
  1231 | D:2      | Reached XP level 6. HP: 25/49 MP: 6/6
  1752 | D:3      | Identified the +1 pair of gloves of the Equator {rElec}
  1778 | D:3      | Found a basalt altar of Yredelemnul.
  1963 | D:3      | Found a runed translucent door.
  1964 | D:3      | Noticed Crazy Yiuf
  2125 | D:3      | Reached skill level 5 in Shields
  2360 | D:3      | HP: 1/49 [Crazy Yiuf/+4 quarterstaff of chaos (13)]
  2361 | D:3      | Killed Crazy Yiuf
  2361 | D:3      | Succumbed to Crazy Yiuf's poison

Illustrated notes

Levels and vault maps discovered:
D:1:      minmay_arrival_doors, layout_basic
D:2:      layout_rooms, ebering_ecumenical_altar_rust, interstate_on_off,
          st_stairs_11, minmay_gold_behind_fungi, uniq_terence, uniq_sigmund
D:3:      layout_basic, mainiacjoe_overflow_chevrons,
          wander_ebering_terrifying_dragon_lair, uniq_crazy_yiuf_cottage

Skill      XL: |  1  2  3  4  5  6 |
---------------+-------------------+-----
Armour         | 4 |  4.9
Fighting       | 4 |  4.8
Dodging        | 1 |  1.6
Shields        | 5 |  5.0
Axes           | |  2.9

Action                   |  1- 3 |  4- 6 || total
-------------------------+-------+-------++-------
Melee: War axe           |    66 |    64 ||   130
  Use: Scroll            |     3 |     2 ||     5
       Potion            |     2 |     1 ||     3
Armor: Scale mail        |    31 |    30 ||    61
Dodge: Dodged            |    28 |    28 ||    56
Block: Buckler           |    21 |    13 ||    34

Table legend: (Time is in decaauts)
 A = Elapsed time spent in this place.
 B = Non-inter-level travel time spent in this place.
 C = Inter-level travel time spent in this place.
 D = Time resting spent in this place.
 E = Time spent auto-exploring this place.
 F = Levels seen in this place.
 G = Mean time per level.
                   A        B        C        D        E       F      G
               +--------+--------+--------+--------+--------+-----+--------+
         Total |   2413 |   2328 |     85 |     33 |   1924 |   3 |  804.3 |
       Dungeon |   2413 |   2328 |     85 |     33 |   1924 |   3 |  804.3 |
               +--------+--------+--------+--------+--------+-----+--------+

Top non-repeatable levels by time:
     D:1: 939 daAuts
     D:3: 752 daAuts
     D:2: 722 daAuts
